 Dungeon Crawl Stone Soup version 0.29.1-15-g9cfb28693d (webtiles) character file.

Game seed: 1062543035036515867

67 Kiax the Chopper (level 4, 0/40 HPs)
             Began as a Hill Orc Monk on Mar 8, 2023.
             Was a Believer of Beogh.
             Slain by a black bear (4 damage)
             ... on level 3 of the Dungeon.
             The game lasted 00:12:15 (2214 turns).

Kiax the Chopper (Hill Orc Monk)                    Turns: 2214, Time: 00:12:16

Health: 0/40       AC:  2    Str: 15    XL:     4   Next: 18%
Magic:  4/4        EV: 12    Int: 10    God:    Beogh [**....]
Gold:   86         SH:  0    Dex: 13    Spells: 3/3 levels left

rFire   . . .      SeeInvis .   a - +0 hand axe
rCold   . . .      Faith    .   (no shield)
rNeg    . . .      Spirit   .   b - +0 robe
rPois   .          Reflect  .   (no helmet)
rElec   .          Harm     .   (no cloak)
rCorr   .          Rampage  .   (no gloves)
Will    .....                   (no boots)
Stlth   ++........              (no amulet)
HPRegen 0.13/turn               e - ring of willpower
MPRegen 0.09/turn               (no ring)

@: weak-willed
A: no striking features
a: Renounce Religion, Smiting


You were on level 3 of the Dungeon.
You worshipped Beogh.
Beogh was pleased with you.
You visited 1 branch of the dungeon, and saw 3 of its levels.

You collected 86 gold pieces.

Inventory:

Hand Weapons
 a - a +0 hand axe (weapon)
Missiles
 h - 5 poisoned darts
Armour
 b - a +0 robe (worn)
Jewellery
 e - a ring of willpower (left hand)
 p - an amulet of faith
Scrolls
 d - a scroll of poison {unknown}
 f - a scroll of amnesia {unknown}
 i - 3 scrolls of fog {unknown}
 j - 3 scrolls of enchant weapon {unknown}
 k - a scroll of enchant armour {unknown}
 m - 3 scrolls of identify {unknown}
 o - a scroll of blinking {unknown}
Potions
 n - 2 potions of magic


   Skills:
 + Level 4.2 Fighting
 * Level 5.0 Axes
 + Level 2.0 Armour
 - Level 2.4 Dodging
 - Level 1.6 Stealth
 * Level 1.1 Invocations


You had 3 spell levels left.
You didn't know any spells.
Your spell library contained the following spells:

 Spells                   Type           Power      Damage    Failure   Level
 Frozen Ramparts          Ice            0%         1d1       75%         3
 Ice Form                 Ice/Tmut       0%         N/A       98%         4
 Summon Ice Beast         Ice/Summ       0%         N/A       98%         4


Dungeon Overview and Level Annotations

Branches:
Dungeon (3/15)

Altars:
Beogh


Message History

Found a flail.
The kobold shouts!
The kobold throws a stone.
The stone hits you.
The black bear growls angrily.
Aiming: Smiting
Press: ? - help, Dir - move target, f - black bear Smite: a black bear You smite the black bear!
The black bear is heavily wounded.
The black bear bites you. The black bear barely misses you. x2
You closely miss the black bear.
The black bear is heavily wounded.
The black bear bites you. The black bear claws you. x2
Okay, then.
The black bear attacks as you move away!
The black bear misses you. The black bear claws you. x2
You hit the black bear.
The black bear is heavily wounded.
The black bear bites you! The black bear claws you. x2
* * * LOW HITPOINT WARNING * * *
You are confused.
You feel invigorated. The black bear bites you. The black bear claws you. x2
* * * LOW HITPOINT WARNING * * *
It was a potion of magic.
Magic courses through your body. The kobold barely misses you.
The black bear bites you.
* * * LOW HITPOINT WARNING * * *
The black bear closely misses you. The black bear claws you.
* * * LOW HITPOINT WARNING * * *
Unknown command.
It was a potion of curing.
You feel better.
You feel less invigorated. The kobold barely misses you.
The black bear bites you!
* * * LOW HITPOINT WARNING * * *
The black bear claws you.
* * * LOW HITPOINT WARNING * * *
The black bear claws you.
* * * LOW HITPOINT WARNING * * *
As you read the scroll labelled WAFOFI DUOMARI, it crumbles to dust.
Magic quickly surges around you.
It was a scroll of vulnerability.
The kobold closely misses you. The black bear bites you.
You die...

# #......# #......#
###.###......# ###.####
.....#........# #.#
..............# #.#
..####.#......###########.#
..#...<....#............#.#
..#.######.#...........)#.#
..#.# ######...K......#.#
..#.# #.......@h......#.#
....# #.###############.#
..### #..............##.#
..# #.............##.#
..### #.............##.#
..).#### #.............##.#
..#.†..###.............##.#
..##.......#......#######.#
).##....####.(....# ##.#


You could see a black bear (weak-willed) and a kobold (weak-willed).

Vanquished Creatures
  2 adders (D:2)
  A worm (D:2)
  3 dart slugs
  An endoplasm (D:2)
  2 giant cockroaches (D:1)
  2 hobgoblins (D:2)
  3 jackals (D:2)
  4 quokkas
  5 ball pythons
  2 bats
  2 frilled lizards
  4 goblins
  3 kobolds
  8 rats
42 creatures vanquished.

Notes
Turn   | Place    | Note
-------+----------+-------------------------------------------
     0 | D:1      | Kiax the Hill Orc Monk began the quest for the Orb.
     0 | D:1      | Reached XP level 1. HP: 19/19 MP: 1/1
   430 | D:1      | Reached XP level 2. HP: 25/27 MP: 2/2
   455 | D:1      | Reached skill level 1 in Armour
  1062 | D:1      | Reached XP level 3. HP: 33/33 MP: 3/3
  1327 | D:2      | Noticed an eye of devastation
  1329 | D:2      | Found a faded altar of an unknown god.
  1330 | D:2      | Noticed a great orb of eyes
  1330 | D:2      | Noticed a great orb of eyes
  1330 | D:2      | Noticed a golden eye
  1336 | D:2      | Prayed at the altar of an unknown god.
  1336 | D:2      | Became a worshipper of Beogh the Brigand
  1336 | D:2      | Reached * piety under Beogh
  1336 | D:2      | Reached ** piety under Beogh
  1729 | D:2      | Reached skill level 5 in Axes
  1729 | D:2      | Reached XP level 4. HP: 12/40 MP: 4/4
  1789 | D:2      | Reached skill level 1 in Invocations
  2202 | D:3      | Noticed a black bear
  2214 | D:3      | Slain by a black bear

Illustrated notes

Levels and vault maps discovered:
D:1:      tarquinn_simple_flora_water_f, layout_loops_ring
D:2:      layout_rooms, hellmonk_ecumenical_altar_watching_god
D:3:      layout_basic, uniq_terence

Skill      XL: |  1  2  3  4 |
---------------+-------------+-----
Armour         | 1 2 |  2.0
Fighting       | 4 |  4.2
Axes           | 5 |  5.0
Invocations    | 1 |  1.1
Dodging        | |  2.4
Stealth        | |  1.6

Action                   |  1- 3 |  4- 6 || total
-------------------------+-------+-------++-------
Melee: Hand axe          |   119 |    35 ||   154
       Punch             |     1 |       ||     1
Invok: Smiting           |       |     1 ||     1
  Use: Potion            |       |     4 ||     4
       Scroll            |       |     1 ||     1
 Stab: Sleeping          |     4 |     1 ||     5
Armor: Robe              |    13 |    10 ||    23
Dodge: Dodged            |    66 |    39 ||   105
